 Dungeon Crawl Stone Soup version 0.30-a0-989-g0d87f670db (webtiles) character file.

Game seed: 471345895057262045

134 Kenran the Cudgeller (level 5, -6/30 HPs)
             Began as a Gargoyle Gladiator on Apr 3, 2023.
             Was an Initiate of Trog.
             Mangled by Edmund
             ... wielding a +1 heavy flail
              (15 damage)
             ... on level 4 of the Dungeon.
             The game lasted 00:07:46 (3246 turns).

Kenran the Cudgeller (Gargoyle Gladiator)           Turns: 3246, Time: 00:07:47

Health: -6/30      AC: 11    Str: 20    XL:     5   Next: 17%
Magic:  5/5        EV: 11    Int:  8    God:    Trog [......]
Gold:   200        SH:  0    Dex: 11    Spells: 4/4 levels left

rFire   . . .      SeeInvis .    a - +0 flail
rCold   . . .      Faith    .    (no shield)
rNeg    + . .      Spirit   .    p - +0 ring mail
rPois   ∞          Reflect  .    c - +1 helmet
rElec   +          Rampage  .    (no cloak)
rCorr   .                        (no gloves)
Will    .....                    (no boots)
Stlth   +                        (no amulet)
HPRegen 0.25/turn                (no ring)
MPRegen 0.09/turn                (no ring)

@: brilliant, attractive, hasted, studying Shields, very quick
A: sickness immunity, AC +4, negative energy resistance 1, electricity
resistance, torment resistance 1, petrification resistance, mutation resistance
1
a: Renounce Religion


You were on level 4 of the Dungeon.
You worshipped Trog.
Trog was noncommittal.
You visited 2 branches of the dungeon, and saw 5 of its levels.

You collected 200 gold pieces.

Inventory:

Hand Weapons
 a - a +0 flail (weapon)
Missiles
 d - 3 throwing nets (quivered)
 e - a javelin
 u - 5 silver javelins
Armour
 c - a +1 helmet (worn)
 p - a +0 ring mail (worn)
Jewellery
 n - a ring of ice
 o - a ring of protection from cold
Scrolls
 b - a scroll of immolation {unknown}
 h - 4 scrolls of enchant armour
 i - a scroll of poison {unknown}
 j - 2 scrolls of magic mapping {unknown}
 k - a scroll of enchant weapon {unknown}
 m - a scroll of summoning {unknown}
 q - 2 scrolls of brand weapon {unknown}
 t - 3 scrolls of identify {unknown}
 w - a scroll of amnesia {unknown}
 x - a scroll of fog {unknown}
 y - a scroll of blinking {unknown}
Potions
 f - 4 potions of curing {@q1}
 s - a potion of flight {unknown}
 v - a potion of magic


   Skills:
 - Level 2.1 Fighting
 + Level 5.7 Maces & Flails
 - Level 1.7 Throwing
 - Level 2.4 Dodging


You had 4 spell levels left.
You didn't know any spells.
Your spell library contained the following spells:

 Spells                   Type           Power      Damage    Failure   Level
 Beastly Appendage        Tmut           0%         N/A       58%         1
 Wereblood                Tmut           0%         N/A       75%         2
 Spider Form              Tmut/Pois      0%         N/A       92%         3


Dungeon Overview and Level Annotations

Branches:
Dungeon (4/15)             Temple (1/1) D:4

Altars:
Ashenzari
Dithmenos
Fedhas
Hepliaklqana
Kikubaaqudgha
Makhleb
Qazlal
Trog
Vehumet
Xom
Yredelemnul
Zin
The Shining One

Annotations:
D:3 1 runed translucent door, exclusion: downstairs, Pascal76's ghost, amateur GrBe
D:4 Edmund


Innate Abilities, Weirdness & Mutations

You are immune to sickness and miasma.
Your stone body is resilient. (AC +4)
You are immune to poison.
You resist negative energy. (rN+)
You are resistant to electric shocks. (rElec)
You are resistant to unholy torment.
You are immune to petrification.
You are somewhat resistant to further mutation.


Message History

Edmund closely misses you.
You hit Edmund but do no damage.
Edmund is moderately wounded.
You hit Edmund but do no damage.
Edmund is moderately wounded.
Edmund hits you but does no damage.
You closely miss Edmund.
Edmund is moderately wounded.
You barely miss Edmund.
Edmund is moderately wounded.
Edmund barely misses you.
You barely miss Edmund.
Edmund is moderately wounded.
You closely miss Edmund.
Edmund is moderately wounded.
Edmund hits you with a +1 heavy flail.
You hit Edmund.
Edmund is moderately wounded.
You barely miss Edmund.
Edmund is moderately wounded.
Edmund hits you with a +1 heavy flail.
You barely miss Edmund.
Edmund is moderately wounded.
You hit Edmund but do no damage.
Edmund is moderately wounded.
Edmund completely misses you.
You sock Edmund!
Edmund is heavily wounded.
You hit Edmund.
Edmund is severely wounded.
Edmund hits you with a +1 heavy flail.
* * * LOW HITPOINT WARNING * * *
You sock Edmund!
Edmund is almost dead.
You barely miss Edmund.
Edmund is almost dead.
Edmund says, "People think my brother is the best.
I think he's crazy."
Edmund hits you with a +1 heavy flail!
Ouch! That really hurt!
You die...

### ### ... ... .[. # ###.###.###
.. # #.#.. #.#.# .#
#.#.#.###.#.#..# #..............#
#........?....#
.....###.###@###.# ## #.##
#...#.#@..#... ####.
....###(#.#.###... #..+.
.................... #..#.
...#................ ##.###
##.#.###.###.#.#..... ##..###
.......... #.#.#.#.#.....##...##.
.........###.#.#.###...........#.
.....###..............##.#...#.#.


You could see Edmund.

Vanquished Creatures
  An iguana (D:4)
  4 adders
  2 worms
  3 dart slugs
  An orc (D:3)
  5 ball pythons
  4 endoplasms
  2 giant cockroaches
  7 goblins
  4 hobgoblins
  4 jackals (D:1)
  3 quokkas
  6 bats
  4 frilled lizards
  5 kobolds
  A rat (D:2)
56 creatures vanquished.

Vanquished Creatures (others)
  A plant (D:2)
1 creature vanquished.

Grand Total: 57 creatures vanquished

Notes
Turn   | Place    | Note
-------+----------+-------------------------------------------
     0 | D:1      | Kenran the Gargoyle Gladiator began the quest for the Orb.
     0 | D:1      | Reached XP level 1. HP: 12/12 MP: 1/1
    90 | D:1      | Reached XP level 2. HP: 16/17 MP: 2/2
   672 | D:1      | Reached skill level 4 in Maces & Flails
   796 | D:1      | Reached XP level 3. HP: 21/21 MP: 3/3
  1262 | D:2      | Found a faded altar of an unknown god.
  1407 | D:2      | Reached XP level 4. HP: 26/26 MP: 4/4
  1572 | D:2      | Found Alaamipy's Assorted Antiques.
  1657 | D:2      | Reached skill level 5 in Maces & Flails
  1744 | D:3      | Found a glowing golden altar of the Shining One.
  1886 | D:3      | Found a radiant altar of Vehumet.
  1904 | D:3      | Found a runed translucent door.
  1913 | D:3      | Noticed Pascal76's ghost (amateur GrBe)
  1923 | D:3      | Found a hazy altar of Hepliaklqana.
  2161 | D:3      | Found a basalt altar of Yredelemnul.
  2775 | D:4      | Reached XP level 5. HP: 25/30 MP: 5/5
  2800 | D:4      | Noticed Edmund
  3060 | D:4      | Found a staircase to the Ecumenical Temple.
  3083 | Temple   | Entered the Ecumenical Temple
  3173 | Temple   | Became a worshipper of Trog the Wrathful
  3228 | D:4      | Gained mutation: You are somewhat resistant to further
                  | mutation. [potion of mutation]
  3246 | D:4      | Mangled by Edmund

Illustrated notes

Levels and vault maps discovered:
D:1:      lightli_arrival_statue_moat, layout_basic, serial_forest,
          infiniplex_forest_clump_double, infiniplex_forest_3_way,
          infiniplex_forest_clump_small, infiniplex_forest_clump_medium,
          infiniplex_forest_lined_3, infiniplex_forest_fountain, st_stairs_6
D:2:      layout_rooms, ebering_ecumenical_altar_webs, serial_shops,
          nicolae_shop_statue_plus, corexii_shack
D:3:      layout_basic, mainiacjoe_overflow_concentric_impassable,
          yredelemnul_altar_generic, tso_metal_star, lemuel_round_altar,
          ebering_ghost_reflecting_pool
D:4:      layout_cave_pools, mainiacjoe_overflow_brackets,
          minmay_temple_entry_trees, grunt_ministairs_5,
          minmay_misc_feat_nine_boxes, chequers_serial_rivers_small_a,
          uniq_edmund
Temple:   dpeg_three_leaves_temple

Skill      XL: |  1  2  3  4 |
---------------+-------------+-----
Maces & Flails | 4 5 |  5.7
Fighting       | |  2.1
Throwing       | |  1.7
Dodging        | |  2.4

Action                     |  1- 3 |  4- 6 || total
---------------------------+-------+-------++-------
  Melee: Flail             |   127 |    80 ||   207
         Punch             |     2 |     1 ||     3
    Use: Scroll            |     1 |       ||     1
         Potion            |       |     8 ||     8
 Armour: Leather armour    |    46 |       ||    46
         Ring mail         |    27 |    33 ||    60
  Dodge: Dodged            |   108 |    45 ||   153

Table legend: (Time is in decaauts)
 A = Elapsed time spent in this place.
 B = Non-inter-level travel time spent in this place.
 C = Inter-level travel time spent in this place.
 D = Time resting spent in this place.
 E = Time spent auto-exploring this place.
 F = Levels seen in this place.
 G = Mean time per level.
                   A        B        C        D        E       F      G
               +--------+--------+--------+--------+--------+-----+--------+
         Total |   3257 |   3169 |     88 |    306 |   2019 |   5 |  651.4 |
       Dungeon |   3153 |   3077 |     76 |    306 |   1961 |   4 |  788.2 |
        Temple |    103 |     91 |     12 |      0 |     58 |   1 |  103.0 |
               +--------+--------+--------+--------+--------+-----+--------+

Top non-repeatable levels by time:
     D:1: 1183 daAuts
     D:3: 1142 daAuts
     D:2: 558 daAuts
     D:4: 269 daAuts
  Temple: 103 daAuts
